 Dungeon Crawl Stone Soup version 0.23-a0-143-g1adec7b (webtiles) character file.

547 Amnesiac the Chiller (level 7, 0/46 HPs)
             Began as a Mummy Ice Elementalist on Sept 5, 2018.
             Killed from afar by Ijyb (18 damage)
             ... with a wand of flame (24)
             ... on level 3 of the Dungeon.
             The game lasted 00:06:41 (3484 turns).

Amnesiac the Chiller (Mummy Ice Elementalist)       Turns: 3484, Time: 00:06:41

Health: 0/46       AC:  2    Str: 11    XL:     7   Next: 7%
Magic:  13/13      EV: 12    Int: 17    God:
Gold:   75         SH:  0    Dex: 12    Spells: 2/14 levels left

rFire    x . .     SeeInvis .   g - +0 spear
rCold    + . .     Gourm    .   (no shield)
rNeg     + + +     Faith    .   a - +0 robe
rPois    ∞         Spirit   .   (no helmet)
rElec    .         Reflect  .   (no cloak)
rCorr    .         Harm     .   (no gloves)
MR       .....                  (no boots)
Stlth    +.........             (no amulet)
HPRegen  0.15/turn              e - ring of attention (curse)
MPRegen  0.13/turn              (no ring)

@: no status effects
A: no food or potions, fire vulnerability, cold resistance 1, negative energy
resistance 3, torment resistance, unbreathing
a: no special abilities


You were on level 3 of the Dungeon.
You were not hungry.

You visited 1 branch of the dungeon, and saw 5 of its levels.

You collected 75 gold pieces.

Inventory:

Hand Weapons
 b - a +0 dagger
 g - a +0 spear (weapon)
 h - a +0 spear
Missiles
 d - a throwing net (quivered)
Armour
 a - a +0 robe (worn)
Jewellery
 e - a cursed ring of attention (left hand)
Scrolls
 c - 2 scrolls of identify {!r}
 f - 2 scrolls of magic mapping {!r}


   Skills:
 - Level 1.5 Dodging
 - Level 1.5 Stealth
 + Level 4.3 Spellcasting
 * Level 4.3 Conjurations
 * Level 4.4 Ice Magic


You had 2 spell levels left.
You knew the following spells:

 Your Spells              Type           Power        Failure   Level  Hunger
a - Freeze                Ice            ###.         2%          1    N/A
b - Summon Ice Beast      Ice/Summ       ##......     52%         4    N/A
d - Throw Icicle          Conj/Ice       ###.....     26%         4    N/A
z - Ozocubu's Armour      Chrm/Ice       ##......     19%         3    N/A

Your spell library contained the following spells:

 Spells                   Type           Power        Failure   Level  Hunger
 Magic Dart               Conj           ###.         2%          1    N/A
 Searing Ray              Conj           ###...       3%          2    N/A
 Throw Frost              Conj/Ice       ###...       3%          2    N/A
 Dazzling Spray           Conj/Hex       ##....       19%         3    N/A
 Iskenderun's Mystic Bla  Conj           ###.....     26%         4    N/A
 Force Lance              Conj/Tloc      ##......     52%         4    N/A
 Fulminant Prism          Conj/Hex       ##........   52%         4    N/A

Dungeon Overview and Level Annotations

Branches:
Dungeon (5/15)
 Temple: D:4-7

Altars:
Cheibriados
Qazlal

Shops:
D:4 %

Annotations:
D:3 exclusions: downstairs, orc priest and orc wizard, Ijyb
D:5 Grinder


Innate Abilities, Weirdness & Mutations

You do not eat or drink.
Your flesh is vulnerable to fire.
You are immune to poison.
Your flesh is cold resistant. (rC+)
You are immune to negative energy. (rN+++)
You are immune to unholy pain and torment.
You can survive without breathing.


Message History

a hand axe; a scale mail
Casting: Freeze (safe; 2% risk of failure)
Confirm with . or Enter, or press ? or * to list all spells.
Aiming: Freeze (safe; 2% risk of failure)
Press: ? - help, Shift-Dir - straight line, f - orc
Aim: an orc, wielding a trident and wearing a leather armour You freeze the orc.
The orc is moderately wounded.
Casting: Freeze (safe; 2% risk of failure)
Confirm with . or Enter, or press ? or * to list all spells.
Aiming: Freeze (safe; 2% risk of failure)
Press: ? - help, Shift-Dir - straight line, f/p - orc
Aim: an orc, wielding a trident and wearing a leather armour (moderately You freeze the orc.
You kill the orc!
Casting: Freeze (safe; 2% risk of failure)
Confirm with . or Enter, or press ? or * to list all spells.
You can't see any susceptible monsters within range! (Use Z to cast anyway.)
Casting: Freeze (safe; 2% risk of failure)
Confirm with . or Enter, or press ? or * to list all spells.
You can't see any susceptible monsters within range! (Use Z to cast anyway.)
You start resting.
Your magical contamination has completely faded away.
You start resting.
You start resting.
Magic restored.
You start resting.
Magic restored.
You start resting.
HP restored.
You start resting.
Things that are here:
a trident; a leather armour
Things that are here:
a hand axe; a scale mail You pick up a book of Conjurations and begin reading...
You add the spells Magic Dart, Searing Ray, Dazzling Spray, Fulminant Prism, Ijyb is too close now for your liking.
Ijyb is nearby!
Ijyb is nearby!
Press: ? - help, v - describe, . - travel
Here: Ijyb, wielding a club, wearing a chain mail and carrying a wand of flame The floor.
Evoke which item? (* to show all) (? for menu, Esc to quit)
Okay, then.
Okay, then.
Ijyb shouts!
Ijyb is too close now for your liking.
Ijyb zaps a wand.
The puff of flame hits you! The fire burns you terribly!
Okay, then.
Ijyb closely misses you. Ijyb hits you but does no damage.
Ijyb hits you with a club.
There is a stone staircase leading up here.
Ijyb zaps a wand.
The puff of flame hits you! The fire burns you terribly!
You climb upwards.
Level annotation: exclusions: downstairs, orc priest and orc wizard
There is a stone staircase leading down here.
Ijyb screams, "Get away!"
Ijyb zaps a wand.
The puff of flame hits you! The fire burns you terribly!
* * * LOW HITPOINT WARNING * * *
Okay, then.
Ijyb zaps a wand.
The puff of flame hits you! The fire burns you terribly!
You die...

.......#####............####.....
.#'#.#.........####+##...###.....
.#.#.#.#.........................
##.#.#.#.#####.####.##...#######.
...#.#.#.#...........#...........
##.....#.#.####.###..............
....)###.#.# #..##..#...........
##...# #.#.# ##.##..#..........
.....# #.#.# #@........#......
#....# #.#.# #.........#......
.....# #.#.# #.g.......#......
.....# #.#.# #####...########..
.##..# #.#.###..........##....(
.....# #....##.....>....#....
..#.####.(..##................
..#.........##..........♣♣♣...
#.######....##....)....♣# ♣


You could see Ijyb.

Vanquished Creatures
  An ogre (D:4)
  4 hounds
  2 orc wizards
  3 orc priests
  An iguana (D:5)
  A mummy (D:4)
  4 gnolls (D:4)
  6 adders
  4 dart slugs
  2 leopard geckos (D:5)
  11 orcs
  5 bats
  A giant cockroach (D:4)
  3 goblins
  9 hobgoblins
  4 kobolds
  2 ball pythons (D:3)
  2 frilled lizards (D:1)
  A jackal skeleton (D:4)
  A rat (D:2)
67 creatures vanquished.

Notes
Turn   | Place    | Note
-------+----------+-------------------------------------------
     0 | D:1      | Amnesiac the Mummy Ice Elementalist began the quest for the
                  | Orb.
     0 | D:1      | Reached XP level 1. HP: 13/13 MP: 4/4
   142 | D:2      | Reached XP level 2. HP: 15/19 MP: 0/6
   470 | D:2      | Reached XP level 3. HP: 24/24 MP: 0/7
   475 | D:2      | Learned a level 3 spell: Ozocubu's Armour
   975 | D:4      | Noticed an ogre
  1027 | D:3      | Reached XP level 4. HP: 30/30 MP: 3/9
  1148 | D:4      | Noticed Ijyb
  1206 | D:3      | Learned a level 4 spell: Throw Icicle
  1563 | D:5      | Entered Level 5 of the Dungeon
  1577 | D:4      | Noticed Purgy
  1594 | D:5      | Found a stormy altar of Qazlal.
  1601 | D:5      | Reached XP level 5. HP: 21/35 MP: 6/11
  1642 | D:5      | Reached skill level 1 in Conjurations
  1752 | D:5      | Noticed Grinder
  2195 | D:4      | Reached XP level 6. HP: 28/41 MP: 8/12
  2269 | D:4      | Learned a level 4 spell: Summon Ice Beast
  2796 | D:4      | Found a snail-covered altar of Cheibriados.
  2961 | D:4      | Found Wolorunt's Food Boutique.
  3229 | D:4      | Reached XP level 7. HP: 46/46 MP: 10/13
  3484 | D:3      | Killed from afar by Ijyb

Vault maps used:
D:1:      evilmike_arrival_rings
D:2:      minmay_door_path, uniq_sigmund, uniq_natasha
D:3:      minmay_stone_trees_medium
D:4:      first_ration, serial_shops, nicolae_shop_waterfront,
          grunt_decor_mini_mirrors, chei_slow_surprise, uniq_purgy, uniq_ijyb
D:5:      grunt_qazlal_sundering, trog_book, uniq_grinder, uniq_blork_the_orc

Skill      XL: |  1  2  3  4  5  6 |
---------------+-------------------+-----
Spellcasting   | 3 4 |  4.3
Ice Magic      | 3 4 |  4.4
Conjurations   | 3 4 |  4.3
Dodging        | |  1.5
Stealth        | |  1.5

Action                   |  1- 3 |  4- 6 |  7- 9 || total
-------------------------+-------+-------+-------++-------
Melee: Unarmed           |     2 |       |       ||     2
       Dagger            |     4 |    21 |       ||    25
       Spear             |       |     8 |       ||     8
 Cast: Freeze            |    56 |    84 |     8 ||   148
       Ozocubu's Armour  |       |     2 |       ||     2
       Throw Icicle      |       |     8 |       ||     8
  Use: Scroll            |       |     1 |       ||     1
Armor: Robe              |    12 |    15 |     1 ||    28
Dodge: Dodged            |    35 |    70 |     3 ||   108

Table legend:
 A = Non-vault XP
 B = Vault XP
 C = Vault XP percentage of total XP
 D = Non-vault monster count
 E = Vault monster count
 F = Vault count percentage of total count
                 A         B        C        D         E       F
            +---------+---------+-------+---------+---------+-------
      Total |     764 |      18 |   2.3 |      66 |       1 |   1.5
            +---------+---------+-------+---------+---------+-------
        D:1 |      10 |       0 |   0.0 |       6 |       0 |   0.0
        D:2 |      57 |       0 |   0.0 |      11 |       0 |   0.0
        D:3 |      80 |       0 |   0.0 |      17 |       0 |   0.0
        D:4 |     442 |      18 |   3.9 |      23 |       1 |   4.2
        D:5 |     175 |       0 |   0.0 |       9 |       0 |   0.0
            +---------+---------+-------+---------+---------+-------
